 Dungeon Sprint DCSS version 0.27.1-34-g3ba077fa99 (webtiles) character file.

Game seed: 9267057202862569924

2919 Karpo the Ninja (level 9, -1/39 HPs)
             Began as a Spriggan Enchanter on Feb 4, 2022.
             Slain by a hog (12 damage)
             ... in the Dungeon (Sprint I: "Red Sonja").
             The game lasted 00:03:20 (465 turns).

Karpo the Ninja (Spriggan Enchanter)                 Turns: 465, Time: 00:03:20

Health: -1/39      AC:  2    Str:  4    XL:     9   Next: 50%
Magic:  7/14       EV: 17    Int: 20    God:
Gold:   417        SH:  0    Dex: 15    Spells: 1/13 levels left

rFire    . . .     SeeInvis +   a - +1 dagger
rCold    . . .     Faith    .   (shield restricted)
rNeg     . . .     Spirit   .   b - +0 robe
rPois    .         Reflect  .   (helmet restricted)
rElec    .         Harm     .   (no cloak)
rCorr    .         Rampage  .   (gloves unavailable)
Will     +....     NoTele   +   (boots unavailable)
Stlth    +++++++++.             (no amulet)
HPRegen  0.13/turn              (no ring)
MPRegen  0.14/turn              (no ring)

@: very quick
A: very small, no large weapons, unfitting armour, see invisible, speed 3
a: no special abilities


You were in the Dungeon.
You visited 1 branch You collected 417 gold pieces.

Inventory:

Hand Weapons
 a - a +1 dagger (weapon)
Armour
 b - a +0 robe (worn)
Scrolls
 h - a scroll of blinking
Potions
 c - a potion of curing
 d - a potion of heal wounds
 e - a potion of haste
 f - 2 potions of magic
 g - a potion of attraction {unknown}


   Skills:
 + Level 8.6 Short Blades
 - Level 2.6 Dodging
 O Level 27 Stealth
 - Level 2.6 Spellcasting
 - Level 3.6 Hexes


You had one spell level left.
You knew the following spells:

 Your Spells              Type           Power      Damage    Failure   Level
a - Corona                Hex            18%        N/A       3%          1
b - Ensorcelled Hibernat  Hex/Ice        18%        N/A       11%         2
c - Tukima's Dance        Hex            17%        N/A       10%         3
d - Confusing Touch       Hex            17%        N/A       10%         3
e - Dazzling Flash        Conj/Hex       18%        N/A       22%         3

Your spell library contained the following spells:

 Spells                   Type           Power      Damage    Failure   Level


Dungeon Overview and Level Annotations

Branches:
Dungeon (1/1)

Altars:
Makhleb
Sif Muna
Vehumet
Wu Jian
Xom
Jiyva
Lugonu


Innate Abilities, Weirdness & Mutations

You are very small and have problems with some larger weapons.
You are too small for most types of armour.
You have supernaturally acute eyesight. (SInv)
You cover ground extremely quickly. (Speed+++)


Message History

There is an open door here.
You see here a demonic crawler corpse.
There's a creature in the doorway!
There is an open door here.
You close the door.
You start resting.
Your magical contamination has completely faded away.
You start resting.
Magic restored.
You start resting.
HP restored.
You open the door.
The hog squeals angrily. x4
You hit the hog.
The hog is lightly wounded.
Casting: Dazzling Flash (quite dangerous; 22% risk of failure)
Confirm with . or Enter, or press ? or * to list all spells.
Aiming: Ensorcelled Hibernation (safe; 11% risk of failure)
Press: ? - help, Shift-Dir - straight line, f - hog
Aim: a hog (lightly wounded, chance to affect: 40%)
The hog resists with some effort.
The hog bites you! The hog closely misses you. x2
Casting: Ensorcelled Hibernation (safe; 11% risk of failure)
Confirm with . or Enter, or press ? or * to list all spells.
Aiming: Ensorcelled Hibernation (safe; 11% risk of failure)
Press: ? - help, Shift-Dir - straight line, f/p - hog
Aim: a hog (lightly wounded, chance to affect: 40%)
The hog resists with some effort.
The hog bites you. The hog closely misses you. The hog completely misses you.
Casting: Ensorcelled Hibernation (safe; 11% risk of failure)
Confirm with . or Enter, or press ? or * to list all spells.
The spell is quite dangerous to cast (22% risk of failure)!
Continue anyway?
The hog bites you! The hog bites you. The hog closely misses you.
You hit the hog but do no damage.
The hog is lightly wounded.
The hog bites you.
* * * LOW HITPOINT WARNING * * *
The hog bites you!
You die...

################################
..#.)'..#__#..'..)#.(#§h§§h§hh.§
.)'..#..'..'..#.@h##'#§####hhh§h
#'#####'#__####).hhh.#§#


#hhh# ..# #.#### #####..§§# #+# ### ##(# #+#### #+#_.+ +..._# #_.#+# ##+ You
could see 4 hogs.

Vanquished Creatures
  A lindwurm (D)
  2 kobold demonologists (D)
  4 demonic crawlers (D)
  A slime creature (D)
  Sigmund (D)
  3 hogs (D)
  A floating eye (D)
  An ogre (D)
  A jelly (D)
  Ijyb (D)
16 creatures vanquished.

Notes
Turn   | Place    | Note
-------+----------+-------------------------------------------
     0 | D        | Karpo the Spriggan Enchanter began the quest for the Orb.
     0 | D        | Reached XP level 1. HP: 9/9 MP: 5/5
     2 | D        | Noticed Ijyb
    12 | D        | Killed Ijyb
    13 | D        | Reached skill level 10 in Stealth
    13 | D        | Reached XP level 2. HP: 12/13 MP: 6/6
   121 | D        | Learned a level 2 spell: Ensorcelled Hibernation
   122 | D        | Noticed an ogre
   125 | D        | Killed an ogre
   126 | D        | Reached skill level 14 in Stealth
   126 | D        | Reached XP level 3. HP: 16/16 MP: 8/8
   126 | D        | Reached XP level 4. HP: 21/21 MP: 9/9
   127 | D        | Noticed Sigmund
   130 | D        | Killed Sigmund
   131 | D        | Reached skill level 18 in Stealth
   131 | D        | Reached XP level 5. HP: 24/24 MP: 10/10
   131 | D        | Reached XP level 6. HP: 28/28 MP: 11/11
   155 | D        | Found a shimmering blue altar of Sif Muna.
   156 | D        | Found an ornate altar of the Wu Jian Council.
   157 | D        | Found a radiant altar of Vehumet.
   167 | D        | Found a viscous altar of Jiyva.
   167 | D        | Found a corrupted altar of Lugonu.
   167 | D        | Noticed a slime creature
   168 | D        | Found a burning altar of Makhleb.
   168 | D        | Found a shimmering altar of Xom.
   170 | D        | Killed a slime creature
   171 | D        | Reached skill level 20 in Stealth
   185 | D        | Noticed a kobold demonologist
   186 | D        | Noticed a floating eye
   186 | D        | Noticed a kobold demonologist
   188 | D        | Killed a floating eye
   189 | D        | Reached skill level 21 in Stealth
   189 | D        | Reached XP level 7. HP: 32/32 MP: 12/12
   190 | D        | Killed a kobold demonologist
   191 | D        | Reached skill level 22 in Stealth
   192 | D        | Killed a kobold demonologist
   193 | D        | Reached skill level 23 in Stealth
   193 | D        | Reached XP level 8. HP: 36/36 MP: 13/13
   200 | D        | Learned a level 3 spell: Tukima's Dance
   204 | D        | Learned a level 3 spell: Confusing Touch
   208 | D        | Learned a level 3 spell: Dazzling Flash
   209 | D        | Noticed a demonic crawler
   209 | D        | Noticed a demonic crawler
   209 | D        | Noticed a demonic crawler
   209 | D        | Noticed a demonic crawler
   211 | D        | Killed a demonic crawler
   212 | D        | Reached skill level 24 in Stealth
   212 | D        | Killed a demonic crawler
   213 | D        | Reached skill level 25 in Stealth
   214 | D        | Killed a demonic crawler
   215 | D        | Reached skill level 26 in Stealth
   215 | D        | Killed a demonic crawler
   216 | D        | Reached XP level 9. HP: 39/39 MP: 14/14
   232 | D        | Noticed a lindwurm
   236 | D        | Killed a lindwurm
   237 | D        | Reached skill level 27 in Stealth
   237 | D        | Reached skill level 5 in Short Blades
   465 | D        | Slain by a hog

Illustrated notes

Levels and vault maps discovered:
D:        dungeon_sprint_1 [red_sonja_temple_1, red_sonja_temple_small_1]

Skill      XL: |  1  2  3  4  5  6  7  8  9 |
---------------+----------------------------+-----
Stealth        | 10 14 18 21 23 26 27 | 27.0
Short Blades   | 8 |  8.6
Dodging        | |  2.6
Spellcasting   | |  2.6
Hexes          | |  3.6

Action                   |  1- 3 |  4- 6 |  7- 9 || total
-------------------------+-------+-------+-------++-------
Melee: Dagger            |    10 |     4 |    20 ||    34
 Cast: Ensorcelled Hiber |       |       |     7 ||     7
       Dazzling Flash    |       |       |     1 ||     1
  Use: Potion            |     1 |       |       ||     1
 Stab: Sleeping          |     1 |     4 |    10 ||    15
Armor: Robe              |     1 |       |     1 ||     2
Dodge: Dodged            |     4 |       |    15 ||    19
